 Dungeon Crawl Stone Soup version 0.22-a0-305-gd21a89c (webtiles) character file.

55 grindst0ne the Charmwright (level 3, -2/29 HPs)
             Began as a Barachi Skald on Mar 31, 2018.
             Slain by an adder (4 damage)
             ... on level 2 of the Dungeon.
             The game lasted 00:03:19 (1950 turns).

grindst0ne the Charmwright (Barachi Skald)          Turns: 1950, Time: 00:03:20

Health: -2/29      AC:  3    Str: 13    XL:     3   Next: 93%
Magic:  6/6        EV: 12    Int: 13    God:
Gold:   66         SH:  0    Dex: 11    Spells: 5/6 levels left

rFire    + . .     SeeInvis .   a - +0 hand axe
rCold    + . .     Gourm    .   (no shield)
rNeg     . . .     Faith    .   b - +0 leather armour
rPois    +         Spirit   .   (no helmet)
rElec    +         Reflect  .   (no cloak)
rCorr    +         Harm     .   (no gloves)
MR       .....                  (no boots)
Stlth    +.........             (no amulet)
HPRegen  0.09/turn              (no ring)
MPRegen  0.10/turn              (no ring)

@: resistant, hasted, very quick
A: +LOS, swims, slowness 1, strong legs 1
a: Hop


You were on level 2 of the Dungeon.
You were very hungry.

You visited 1 branch of the dungeon, and saw 2 of its levels.

You collected 66 gold pieces.

Inventory:

Hand Weapons
 a - a +0 hand axe (weapon)
Armour
 b - a +0 leather armour (worn)
Jewellery
 j - a cursed ring of loudness {unknown}
Scrolls
 c - 4 scrolls of remove curse {unknown}
 e - 2 scrolls of identify {unknown}
 f - 3 scrolls of amnesia {unknown}
 i - a scroll of fog {unknown}
Potions
 k - a potion of haste
Comestibles
 d - 2 rations


   Skills:
 + Level 3.2 Fighting
 + Level 2.9 Axes
 + Level 2.3 Armour
 - Level 2.1 Dodging
 - Level 2.1 Spellcasting
 + Level 3.9 Charms


You had 5 spell levels left.
You knew the following spells:

 Your Spells              Type           Power        Failure   Level  Hunger
a - Infusion              Chrm           ##..         6%          1    ##.....


Dungeon Overview and Level Annotations

Branches:
Dungeon (2/15)

Altars:

Annotations:
D:1 exclusion: downstairs


Innate Abilities, Weirdness & Mutations

Shadows flee at your approach. (+LOS)
You can swim through water.
You cover ground slowly.
You can hop short distances.


Message History

The gnoll is almost dead.
The gnoll hits you with a spear.
You hit the gnoll.
You kill the gnoll!
You barely miss the adder. The adder closely misses you.
You barely miss the adder.
The gnoll hits you from afar with a spear!
* * * LOW HITPOINT WARNING * * *
The adder bites you.
* * * LOW HITPOINT WARNING * * *
You closely miss the adder.
The gnoll hits you from afar with a spear.
* * * LOW HITPOINT WARNING * * *
The adder barely misses you.
You closely miss the adder. The adder bites you.
* * * LOW HITPOINT WARNING * * *
You hit the adder.
The adder is heavily wounded.
The gnoll hits you but does no damage. The adder bites you.
You die...

#.# #.# ##.####.#...#####.## #.#
#.# #.# #.##.## .# #.# #<# #.#
#.##.# #.## #.# #.#
#.####.##.######... #.# #.#
#........#.....#.## #.# #.#####
######.##.#####..## #.# #.....##
#.##.##.......
..####.#....########g.#.##.#####.
#.........#.....@Sgggg..# # #†
..####.#....#########g.###.# #.
#.####.....## ##...##.## #.
#........### ##........####.
########># ##..S....#...... # #.#
#....g.....##### # #.#
#..Sg.........## # #.#
#....#....##.... #.#
##..gg...###.#.#


You could see 3 gnolls, an adder and 3 hobgoblins.

Vanquished Creatures
  A gnoll (D:2)
  A worm (D:2)
  A dart slug (D:1)
  A leopard gecko (D:1)
  2 ball pythons
  6 bats
  3 giant cockroaches
  2 goblins
  5 hobgoblins
  6 jackals (D:1)
  2 kobolds (D:1)
  6 rats
36 creatures vanquished.

Notes
Turn   | Place    | Note
-------+----------+-------------------------------------------
     0 | D:1      | grindst0ne the Barachi Skald began the quest for the Orb.
     0 | D:1      | Reached XP level 1. HP: 17/17 MP: 3/3
    88 | D:1      | Reached XP level 2. HP: 7/23 MP: 5/5
   755 | D:1      | Reached XP level 3. HP: 20/29 MP: 6/6
  1950 | D:2      | Slain by an adder

Vault maps used:
D:1:      dpeg_arrival_signposts
D:2:      lightli_temple_of_fire, minmay_misc_feat_encased

Skill      XL: |  1  2  3 |
---------------+----------+-----
Fighting       | 3 |  3.2
Armour         | 2 |  2.3
Axes           | |  2.9
Dodging        | |  2.1
Spellcasting   | |  2.1
Charms         | |  3.9

Action                   || total
-------------------------++-------
Melee: Hand axe          ||   189
 Abil: Hop               ||     1
  Use: Potion            ||     3
  Eat: Chunk             ||     3
Armor: Leather armour    ||    98
Dodge: Dodged            ||   182

Table legend:
 A = Spawn XP
 B = Non-spawn XP
 C = Spawn XP percentage of total XP
 D = Spawn monster count
 E = Non-spawn monster count
 F = Spawn count percentage of total count
 G = Total turns spent on level
                    A         B        C        D         E        F      G
               +---------+---------+-------+---------+---------+-------+---------
         Total |       0 |      79 |   0.0 |       0 |      36 |   0.0 |  1950
               +---------+---------+-------+---------+---------+-------+---------
           D:1 |       0 |      46 |   0.0 |       0 |      25 |   0.0 |  1556
           D:2 |       0 |      33 |   0.0 |       0 |      11 |   0.0 |   394
               +---------+---------+-------+---------+---------+-------+---------
